 Dungeon Crawl Stone Soup version 0.21-a0-404-g291f19a (webtiles) character file.

1675 Stibbins the Cleaver (level 9, 0/71 HPs)
             Began as a Hill Orc Fighter on Oct 27, 2017.
             Was a Follower of Makhleb.
             Succumbed to a killer bee's poison
             ... on level 7 of the Dungeon.
             The game lasted 00:47:00 (7506 turns).

Stibbins the Cleaver (Hill Orc Fighter)             Turns: 7506, Time: 00:47:01

Health: 0/71       AC:  8    Str: 22    XL:     9   Next: 1%
Magic:  3/9        EV:  8    Int:  8    God:    Makhleb [*.....]
Gold:   370        SH: 10    Dex: 10    Spells: 8/8 levels left

rFire    . . .     SeeInvis .   o - +0 broad axe
rCold    . . .     Gourm    .   c - +0 shield
rNeg     . . .     Faith    .   b - +0 scale mail
rPois    .         Spirit   +   t - +0 helmet
rElec    .         Reflect  .   (no cloak)
rCorr    .         Harm     .   (no gloves)
MR       .....                  (no boots)
Stlth    ..........             r - amulet of guardian spirit
HPRegen  0.21/turn              (no ring)
MPRegen  0.11/turn              (no ring)

@: lethally poisoned (0 -> -12), hasted, very quick
A: no striking features
a: Renounce Religion


You were on level 7 of the Dungeon.
You worshipped Makhleb.
Makhleb was aware of your devotion.
You were not hungry.

You visited 2 branches of the dungeon, and saw 8 of its levels.

You collected 370 gold pieces.

Inventory:

Hand Weapons
 a - a +2 war axe
 k - a +1 dagger of venom
 o - a +0 broad axe (weapon)
Missiles
 p - 3 javelins of penetration (quivered)
Armour
 b - a +0 scale mail (worn)
 c - a +0 shield (worn)
 t - a +0 helmet (worn)
Magical Staves
 h - an uncursed staff of air
 q - an uncursed staff of poison
Jewellery
 r - an amulet of guardian spirit (around neck)
Wands
 i - a wand of iceblast (3/15)
 m - a wand of paralysis (18/24)
 v - a wand of iceblast (10/15)
Scrolls
 e - a scroll of amnesia
 l - 3 scrolls of teleportation
 w - a scroll of enchant weapon
 x - 3 scrolls of identify
 y - a scroll of remove curse
 A - a scroll of fog {unknown}
 B - a scroll of acquirement {unknown}
Potions
 d - 2 potions of might
 g - 2 potions of magic
 j - 2 potions of curing
 u - a potion of cancellation
 z - a potion of berserk rage
Books
 n - a book of Air

   Spells                             Type                      Level
   a - Shock                          Conjuration/Air              1
   b - Swiftness                      Charms/Air                   2
   c - Static Discharge               Conjuration/Air              3
   d - Airstrike                      Air                          4
   e - Lightning Bolt                 Conjuration/Air              5
Comestibles
 f - a bread ration
 s - 2 meat rations


   Skills:
 - Level 3.6 Fighting
 * Level 12.8 Axes
 - Level 3.3 Armour
 + Level 1.8 Dodging
 - Level 0.1 Stealth
 + Level 5.4 Shields


You had 8 spell levels left.
You didn't know any spells.

Dungeon Overview and Level Annotations

Branches:
Dungeon (7/15)             Temple (1/1) D:4

Altars:
Ashenzari
Cheibriados
Elyvilon
Fedhas
Hepliaklqana
Kikubaaqudgha
Makhleb
Nemelex Xobeh
Okawaru
Qazlal
Ru
Sif Muna
Trog
Vehumet
Wu Jian
Xom
Yredelemnul
Zin
The Shining One


Message History

Here: a killer bee (moderately wounded)
The floor, spattered with blood.
It was a potion of haste.
You feel yourself speed up.
* * * LOW HITPOINT WARNING * * *
You feel sick. You block the killer bee's attack. The killer bee stings you.
* * * LOW HITPOINT WARNING * * *
You are more poisoned.
The killer bee poisons you!
You barely miss the killer bee.
The killer bee is moderately wounded.
* * * LOW HITPOINT WARNING * * *
You feel sick. You block the killer bee's attack.
You slice the killer bee!!
You kill the killer bee!
Makhleb accepts your kill.
You have reached level 9!
Your experience leads to an increase in your attributes!
Increase (S)trength, (I)ntelligence, or (D)exterity?
You feel stronger.
You die...

# ####.# # #... #
####.####.####.#########
#....F†@................
#.##.####.#.#### ######
# #.....# #...
###.#.#######.##
#..........(.#
#.########.##########
.....................
##########.##########
#.# .......


You could see a bullfrog.

Vanquished Creatures
  The ghost of zero the Cleaver, a novice GrBe of Trog (D:6)
  The ghost of zero the Skirmisher, an amateur GrBe of Trog (D:4)
  A phantom (D:6)
  An ice beast (D:6)
  A centaur (D:5)
  2 bullfrogs
  A water moccasin zombie (D:7)
  A scorpion (D:6)
  A killer bee (D:7)
  A howler monkey (D:4)
  2 crimson imps
  A hound (D:7)
  A jelly (D:6)
  A centaur zombie (D:5)
  A bullfrog skeleton (D:5)
  A centaur skeleton (D:5)
  2 iguanas
  An orc wizard (D:4)
  6 worker ants
  A killer bee zombie (D:6)
  A hound skeleton (D:7)
  4 adders
  4 oozes
  2 adder skeletons
  2 adder zombies
  4 worms
  4 dart slugs
  5 leopard geckos
  15 orcs
  3 ball pythons
  3 giant cockroaches
  3 goblins
  7 hobgoblins
  3 jackals (D:7)
  15 kobolds
  3 quokkas
  8 bats
  9 frilled lizards
  A leopard gecko skeleton (D:5)
  5 rats
  A bush (Temple)
130 creatures vanquished.

Notes
Turn   | Place    | Note
-------+----------+-------------------------------------------
     0 | D:1      | Stibbins the Hill Orc Fighter began the quest for the Orb.
     0 | D:1      | Reached XP level 1. HP: 19/19 MP: 1/1
    51 | D:1      | Reached skill level 3 in Axes
    51 | D:1      | Reached XP level 2. HP: 27/27 MP: 2/2
   559 | D:1      | Reached XP level 3. HP: 33/33 MP: 3/3
   723 | D:1      | Reached skill level 4 in Axes
  1402 | D:2      | Reached XP level 4. HP: 40/40 MP: 4/4
  1740 | D:2      | Found an ornate altar of the Wu Jian Council.
  1740 | D:2      | Found a blossoming altar of Fedhas.
  1807 | D:2      | Reached skill level 5 in Axes
  2981 | D:3      | Reached XP level 5. HP: 35/46 MP: 5/5
  3396 | D:4      | Noticed zero's ghost (amateur GrBe)
  3405 | D:3      | Reached skill level 6 in Axes
  3667 | D:4      | Killed zero's ghost
  3667 | D:4      | Reached skill level 7 in Axes
  3667 | D:4      | Reached XP level 6. HP: 34/52 MP: 2/6
  3818 | D:4      | Found a staircase to the Ecumenical Temple.
  3830 | Temple   | Entered the Ecumenical Temple
  3984 | Temple   | Became a worshipper of Makhleb the Destroyer
  4308 | D:4      | Reached skill level 8 in Axes
  4714 | D:5      | Entered Level 5 of the Dungeon
  4752 | D:5      | Reached XP level 7. HP: 57/58 MP: 5/7
  4777 | D:5      | Found a bloodstained altar of Trog.
  4794 | D:5      | Found a shimmering altar of Xom.
  4929 | D:5      | Found a glowing silver altar of Zin.
  4982 | D:5      | Reached skill level 9 in Axes
  4982 | D:5      | Reached skill level 1 in Dodging
  5362 | D:5      | Reached * piety under Makhleb
  5669 | D:6      | Reached skill level 10 in Axes
  5974 | D:6      | Found a bloodstained altar of Trog.
  6066 | D:6      | Reached XP level 8. HP: 66/66 MP: 8/8
  6144 | D:6      | Found a glowing golden altar of the Shining One.
  6197 | D:6      | Noticed zero's ghost (novice GrBe)
  6214 | D:6      | Reached skill level 11 in Axes
  6223 | D:6      | Killed zero's ghost
  6223 | D:6      | Reached skill level 12 in Axes
  6223 | D:6      | Reached skill level 5 in Shields
  6807 | D:6      | Found a sacrificial altar of Ru.
  6933 | D:6      | Found a white marble altar of Elyvilon.
  7318 | D:7      | Found a shattered altar of Ashenzari.
  7437 | D:7      | Found a snail-covered altar of Cheibriados.
  7504 | D:7      | HP: 2/66 [killer bee (4)]
  7506 | D:7      | Reached XP level 9. HP: 1/71 MP: 3/9
  7506 | D:7      | Succumbed to a killer bee's poison

Vault maps used:
D:1:      dpeg_arrival_lava_altar
D:2:      gammafunk_temple_overflow_wave, eino_tiny_chamber
D:4:      temple_fountains
D:5:      nicolae_overflow_hidden_temple, first_bread
D:6:      nicolae_ru_path_of_blood, marbit_many_paths, tso_metal_star,
          enter_ossuary_1, trog_book
D:7:      kennysheep_mini_moat, cheibrodos_ashenzari_chains,
          kennysheep_little_box
Temple:   jpeg_temple_island

Skill      XL: |  1  2  3  4  5  6  7  8 |
---------------+-------------------------+-----
Axes           | 3 4 5 7 8 10 12 | 12.8
Shields        | 4 5 |  5.4
Dodging        | 1 |  1.8
Fighting       | |  3.6
Armour         | |  3.3
Stealth        | |  0.1

Action                   |  1- 3 |  4- 6 |  7- 9 || total
-------------------------+-------+-------+-------++-------
Melee: War axe           |   136 |   212 |    84 ||   432
       Broad axe         |       |       |   119 ||   119
Throw: Javelin           |       |     1 |     1 ||     2
Evoke: Wand              |       |       |     1 ||     1
  Use: Scroll            |       |     7 |     5 ||    12
       Potion            |       |     8 |     5 ||    13
  Eat: Chunk             |     2 |     2 |     3 ||     7
       Royal jelly       |       |     2 |       ||     2
       Bread ration      |       |     1 |     2 ||     3
Armor: Scale mail        |    60 |    62 |    60 ||   182
Dodge: Dodged            |    36 |    35 |    48 ||   119
Block: Shield            |    68 |    86 |    90 ||   244

Table legend:
 A = Spawn XP
 B = Non-spawn XP
 C = Spawn XP percentage of total XP
 D = Spawn monster count
 E = Non-spawn monster count
 F = Spawn count percentage of total count
 G = Total turns spent on level
                    A         B        C        D         E        F      G
               +---------+---------+-------+---------+---------+-------+---------
         Total |       0 |    2393 |   0.0 |       0 |     129 |   0.0 |  7506
               +---------+---------+-------+---------+---------+-------+---------
           D:1 |       0 |      55 |   0.0 |       0 |      33 |   0.0 |  1108
           D:2 |       0 |      53 |   0.0 |       0 |      16 |   0.0 |  1258
           D:3 |       0 |     135 |   0.0 |       0 |      22 |   0.0 |  1380
           D:4 |       0 |     370 |   0.0 |       0 |      18 |   0.0 |   685
           D:5 |       0 |     360 |   0.0 |       0 |      15 |   0.0 |   959
           D:6 |       0 |    1127 |   0.0 |       0 |      16 |   0.0 |  1607
           D:7 |       0 |     293 |   0.0 |       0 |       9 |   0.0 |   226
               +---------+---------+-------+---------+---------+-------+---------
